 Dungeon Crawl Stone Soup version 0.26-b1-32-g5d43845318 (webtiles) character file.

Game seed: 1515335898578312242

5238 DearestLeader the Cleaver (level 10, -2/81 HPs)
             Began as a Minotaur Gladiator on Jan 5, 2021.
             Was a Priest of Okawaru.
             Killed by the air
             ... invoked by Gastronok
              (34 damage)
             ... on level 7 of the Dungeon.
             The game lasted 00:13:06 (8292 turns).

DearestLeader the Cleaver (Minotaur Gladiator)      Turns: 8292, Time: 00:13:07

Health: -2/81      AC: 12    Str: 23    XL:     10   Next: 35%
Magic:  4/4        EV:  9    Int:  5    God:    Okawaru [***...]
Gold:   567        SH:  0    Dex: 11    Spells: 9/9 levels left

rFire    . . .     SeeInvis .   I - +2 flail (antimagic)
rCold    . . .     Faith    .   (no shield)
rNeg     . . .     Spirit   .   s - +0 chain mail
rPois    .         Reflect  .   c - +0 hat
rElec    .         Harm     .   k - scarf {repulsion}
rCorr    +         Rampage  .   b - +0 pair of gloves
Will     .....                  (no boots)
Stlth    ..........             (no amulet)
HPRegen  0.23/turn              v - ring of resist corrosion
MPRegen  0.09/turn              (no ring)

@: repel missiles
A: retaliatory headbutt, horns 2
a: Renounce Religion, Heroism


You were on level 7 of the Dungeon.
You worshipped Okawaru.
Okawaru was most pleased with you.
You visited 2 branches of the dungeon, and saw 9 of its levels.

You collected 567 gold pieces.

Inventory:

Hand Weapons
 a - a +0 war axe
 p - a +0 hunting sling
 y - a +1 vorpal shortbow
 A - a +0 whip of flaming
 I - a +2 antimagic flail (weapon)
 K - a +2 battleaxe
Missiles
 d - 4 throwing nets (quivered)
 e - 25 poisoned darts
 q - 116 sling bullets
 z - 142 arrows
Armour
 b - a +0 pair of gloves (worn)
 c - a +0 hat (worn)
 j - a +0 buckler
 k - a scarf of repulsion (worn)
 s - a +0 chain mail (worn)
 M - a +1 cloak
Jewellery
 h - an uncursed ring of fire {unknown}
 v - a ring of resist corrosion (left hand)
 H - a +6 ring of strength {unknown}
 J - an uncursed ring of ice {unknown}
Wands
 l - a wand of random effects (18)
Scrolls
 f - 9 scrolls of teleportation
 g - a scroll of fog
 m - 3 scrolls of amnesia
 n - 2 scrolls of remove curse
 o - 2 scrolls of immolation
 r - 3 scrolls of fear
 x - 2 scrolls of enchant armour {unknown}
 E - 2 scrolls of magic mapping {unknown}
 F - a scroll of vulnerability {unknown}
 G - a scroll of blinking {unknown}
 L - a scroll of enchant weapon
Potions
 t - a potion of degeneration {unknown}
 u - a potion of cancellation {unknown}
 w - a potion of might {unknown}
 B - 2 potions of lignification {unknown}
 C - a potion of attraction {unknown}
 D - 2 potions of flight {unknown}


   Skills:
 - Level 5.3 Fighting
 * Level 13.6 Axes
 - Level 2.0 Throwing
 + Level 9.3 Armour
 - Level 3.2 Dodging
 + Level 5.1 Invocations


You had 9 spell levels left.
You didn't know any spells.
Your spell library was empty.

Dungeon Overview and Level Annotations

Branches:
Dungeon (8/15)             Temple (1/1) D:5
   Lair: D:8-11

Altars:
Elyvilon
Kikubaaqudgha
Makhleb
Nemelex Xobeh
Okawaru
Qazlal
Sif Muna
Yredelemnul

Annotations:
D:7 Gastronok


Innate Abilities, Weirdness & Mutations

You reflexively headbutt those who attack you in melee.
You have a pair of horns on your head.


Message History

* * * LOW HITPOINT WARNING * * *
You feel better.
You hit Gastronok but do no damage.
Gastronok is moderately wounded.
You hit Gastronok.
Gastronok's magic leaks into the air.
You headbutt Gastronok.
Gastronok is moderately wounded.
Gastronok falters for a moment.
You hit Gastronok.
Gastronok's magic leaks into the air.
Gastronok is moderately wounded.
You completely miss Gastronok. You headbutt Gastronok.
Gastronok is moderately wounded.
Gastronok falters for a moment.
You thump Gastronok!
Gastronok's magic leaks into the air.
Gastronok is moderately wounded.
You sock Gastronok!
Gastronok's magic leaks into the air.
Gastronok is heavily wounded.
Gastronok waves his eye-stalks in wide circles.
The air twists around and strikes you!!
You die...

########### ##.........#
########## ##....#.#####
.........# ##########...#.#.#####
.........# #........#..#[.#......
.........# #....@......#..#......
.........# #....w......#..#......
.........# #...........#.........
...|.....# #...........#.........
.(.......# #.....................
+##...#######.............#.....<
.#....# ##................#.#.#..
.#....###........##.......#.#.#..
##.....##........##.......#.#.#..


You could see Gastronok.

Vanquished Creatures
  A two-headed ogre (D:8)
  Pikel (D:4)
  Joseph (D:7)
  Maurice (D:8)
  Maggie (D:6)
  A hornet (D:7)
  An ice beast (D:8)
  An orc warrior (D:6)
  A black bear (D:6)
  A necrophage (D:3)
  A sky beast (D:8)
  3 ogres
  6 phantoms
  3 centaurs
  2 lemures
  A bullfrog (D:6)
  3 killer bees
  4 wights (D:8)
  A howler monkey (D:4)
  A bullfrog zombie (D:6)
  A jelly (D:7)
  5 orc priests
  2 hounds
  A quasit (D:6)
  10 orc wizards
  2 iguanas
  4 worker ants
  A hound skeleton (D:5)
  4 gnolls (D:4)
  11 adders
  A shadow imp (D:5)
  6 white imps
  An ufetubus (D:7)
  2 oozes
  An adder zombie (D:7)
  A worm (D:3)
  A dart slug (D:1)
  2 leopard geckos
  19 orcs
  3 giant cockroaches
  9 goblins
  6 hobgoblins
  14 jackals
  3 quokkas
  12 bats
  5 frilled lizards
  7 kobolds
  A quokka skeleton (D:4)
  7 rats
177 creatures vanquished.

Vanquished Creatures (others)
  A sky beast (D:6)
  35 plants (D:8)
36 creatures vanquished.

Grand Total: 213 creatures vanquished

Notes
Turn   | Place    | Note
-------+----------+-------------------------------------------
     0 | D:1      | DearestLeader the Minotaur Gladiator began the quest for
                  | the Orb.
     0 | D:1      | Reached XP level 1. HP: 18/18 MP: 0/0
    56 | D:1      | Reached skill level 4 in Axes
   210 | D:1      | Reached XP level 2. HP: 25/25 MP: 1/1
   656 | D:1      | Reached XP level 3. HP: 30/31 MP: 2/2
   961 | D:2      | Reached skill level 5 in Axes
   961 | D:2      | Reached skill level 1 in Armour
  1006 | D:2      | Found a stormy altar of Qazlal.
  1109 | D:2      | Reached XP level 4. HP: 38/38 MP: 3/3
  1347 | D:2      | Found a burning altar of Makhleb.
  1772 | D:3      | Reached skill level 6 in Axes
  1790 | D:3      | Reached XP level 5. HP: 31/45 MP: 4/4
  2532 | D:3      | Noticed a necrophage
  2539 | D:3      | Killed a necrophage
  2540 | D:3      | Reached skill level 7 in Axes
  2540 | D:3      | Reached XP level 6. HP: 45/51 MP: 5/5
  2693 | D:4      | Reached skill level 8 in Axes
  2722 | D:4      | Noticed Pikel
  3024 | D:4      | Reached XP level 7. HP: 52/57 MP: 6/6
  3065 | D:4      | Reached skill level 5 in Armour
  3322 | D:4      | Reached skill level 9 in Axes
  3401 | D:4      | You fall into a shaft and drop 2 floors!
  3408 | D:5      | Entered Level 5 of the Dungeon
  3523 | D:5      | Found a basalt altar of Yredelemnul.
  3586 | D:4      | Killed Pikel
  3587 | D:4      | Reached skill level 10 in Axes
  3587 | D:4      | Reached XP level 8. HP: 38/63 MP: 7/7
  4287 | D:5      | Found a staircase to the Ecumenical Temple.
  4293 | Temple   | Entered the Ecumenical Temple
  4303 | Temple   | Became a worshipper of Warmaster Okawaru
  4393 | D:5      | Found a white marble altar of Elyvilon.
  4451 | D:5      | Reached skill level 11 in Axes
  4652 | D:5      | Reached skill level 1 in Invocations
  5150 | D:6      | Reached * piety under Okawaru
  5151 | D:6      | Reached XP level 9. HP: 42/69 MP: 9/9
  5365 | D:6      | Noticed Maggie
  5380 | D:6      | Killed Maggie
  5381 | D:6      | Reached skill level 12 in Axes
  5868 | D:6      | You fall into a shaft and drop 2 floors!
  5877 | D:8      | Noticed Gastronok
  5902 | D:7      | Paralysed by a hornet for 3 turns
  6364 | D:7      | Noticed Joseph
  6401 | D:7      | Killed Joseph
  6401 | D:7      | Reached ** piety under Okawaru
  7070 | D:7      | Found a sparkling altar of Nemelex Xobeh.
  7097 | D:7      | Reached skill level 5 in Fighting
  7718 | D:8      | Reached XP level 10. HP: 15/81 MP: 12/12
  8011 | D:8      | Reached skill level 13 in Axes
  8055 | D:8      | Noticed a two-headed ogre
  8063 | D:8      | Killed a two-headed ogre
  8063 | D:8      | Reached *** piety under Okawaru
  8087 | D:8      | Noticed Maurice
  8103 | D:8      | Killed Maurice
  8104 | D:8      | Reached skill level 5 in Invocations
  8292 | D:7      | Killed from afar by Gastronok

Illustrated notes

Levels and vault maps discovered:
D:1:      nicolae_arrival_memento_mori, layout_loops_ring
D:2:      layout_loops_cross, lemuel_crystal_altar,
          nicolae_qazlal_general_emergency
D:3:      layout_basic
D:4:      layout_loops_ring, uniq_pikel
D:5:      layout_loops_cross, kennysheep_ying_yang,
          minmay_temple_entry_enclosed_plants
D:6:      layout_basic, uniq_maggie
D:7:      layout_basic, lemuel_crystal_altar, uniq_joseph
D:8:      layout_cave_pools, zin_statuary, serial_bayou, serial_bayou_pond_c,
          serial_bayou_shore_b, serial_bayou_pond_b, serial_bayou_ford_a,
          hangedman_pestilent_swarm, david_defended_altar_orc, uniq_gastronok,
          uniq_harold, uniq_maurice
Temple:   compressed_dpeg_circular_temple

Skill      XL: |  1  2  3  4  5  6  7  8  9 10 |
---------------+-------------------------------+-----
Axes           | 4 5 6 7 8 10 11 12 13 | 13.6
Fighting       | 3 5 |  5.3
Armour         | 1 2 3 4 6 7 8 9 |  9.3
Invocations    | 2 4 5 |  5.1
Throwing       | |  2.0
Dodging        | |  3.2

Action                   |  1- 3 |  4- 6 |  7- 9 | 10-12 || total
-------------------------+-------+-------+-------+-------++-------
Melee: War axe           |    48 |   121 |   339 |    14 ||   522
       Headbutt          |     7 |    23 |    57 |    16 ||   103
       Battleaxe         |       |       |       |    35 ||    35
       Flail             |       |       |       |    11 ||    11
Invok: Heroism           |       |       |     1 |     1 ||     2
  Use: Scroll            |       |     7 |     2 |       ||     9
       Potion            |       |       |     4 |     1 ||     5
 Stab: Sleeping          |     1 |       |       |       ||     1
Armor: Leather armour    |     4 |       |       |       ||     4
       Ring mail         |     5 |     7 |       |       ||    12
       Chain mail        |       |    70 |   160 |    33 ||   263
Dodge: Dodged            |    34 |    63 |   148 |    27 ||   272
       Repelled          |       |     3 |     2 |       ||     5
